 Dungeon Crawl Stone Soup version 0.18-a0-1413-g4eaa9ac (webtiles) character file.

515 Ijustatesigmund the Insei (level 7, 0/46 HPs)
             Began as an Octopode Transmuter on Feb 25, 2016.
             Slain by an orc wizard
             ... wielding a +0 dagger
              (2 damage)
             ... on level 5 of the Dungeon.
             The game lasted 00:21:12 (5216 turns).

Ijustatesigmund the Insei (Octopode Transmuter)     Turns: 5216, Time: 00:21:12

Health: 0/46       AC:  1    Str: 14    XL:     7   Next: 20%
Magic:  16/20      EV: 12    Int: 18    God:
Gold:   170        SH:  0    Dex: 12    Spells: 4 memorised, 2 levels left

rFire  . . .     SeeInvis .       - Unarmed
rCold  . . .     Gourm    .     (no shield)
rNeg   . . .     Faith    .     (helmet restricted)
rPois  .         Spirit   .     (no amulet)
rElec  .         Dismiss  .     g - ring of magical power
rCorr  .         Reflect  .     l - ring of wizardry
SustAt .         Harm     .     (no ring)
MR     .....                    (no ring)
Stlth  +++.......               (no ring)
                                (no ring)
                                (no ring)
                                (no ring)

@: mighty, very slightly contaminated, hasted, very quick, not resistant to
hostile enchantments, fairly stealthy
A: almost no armour, amphibious, 8 rings, constrict 8, camouflage 1, gelatinous
body 1
a: no special abilities


You were on level 5 of the Dungeon.
You were not hungry.

You visited 1 branch of the dungeon, and saw 5 of its levels.

You collected 170 gold pieces.

Inventory:

Hand Weapons
 q - a +0 blowgun
Missiles
 a - 7 arrows
 p - 6 tomahawks (quivered)
 r - 20 poisoned needles
Armour
 d - a +0 buckler
Jewellery
 e - an uncursed amulet of dismissal
 g - a ring of magical power (left tentacle)
 l - a ring of wizardry (right tentacle)
Wands
 x - a wand of flame (11/48)
Scrolls
 c - 2 scrolls of magic mapping
 s - a scroll of noise
Potions
 k - 2 potions of haste
 m - 3 potions of brilliance {unknown}
 n - a potion of mutation {unknown}
 o - 2 potions of magic {unknown}
 t - 2 potions of heal wounds {unknown}
 u - a potion of resistance {unknown}
 v - a potion of invisibility
Books
 b - a book of Changes

   Spells                             Type                      Level
   a - Beastly Appendage              Transmutation                1
   b - Sticks to Snakes               Transmutation                2
   c - Spider Form                    Transmutation/Poison         3
   d - Ice Form                       Ice/Transmutation            4
   e - Blade Hands                    Transmutation                5
Comestibles
 f - a bread ration
 j - 2 meat rations
 w - a slice of pizza
 z - 3 chunks of flesh


   Skills:
 - Level 3.0 Fighting
 - Level 2.0 Dodging
 - Level 1.1 Stealth
 - Level 4.3 Unarmed Combat
 - Level 3.3 Spellcasting
 + Level 3.3 Transmutations
 * Level 2.8 Ice Magic
 - Level 3.0 Poison Magic


You had 2 spell levels left.
You knew the following spells:

 Your Spells              Type           Power        Failure   Level  Hunger
a - Beastly Appendage     Trmt           ##....       1%          1    None
b - Sticks to Snakes      Trmt           ##......     3%          2    ##.....
c - Spider Form           Trmt/Pois      ##........   6%          3    ###....
d - Ice Form              Ice/Trmt       ##......     26%         4    ####...


Dungeon Overview and Level Annotations

Branches:
Dungeon (5/15)
 Temple: D:4-7

Altars:
Ashenzari
Fedhas
Nemelex Xobeh
Yredelemnul

Annotations:
D:4 Robin, Sigmund


Innate Abilities, Weirdness & Mutations

You cannot wear most types of armour.
You are amphibious.
You can wear up to eight rings at the same time.
You can use your tentacles to constrict eight enemies at once.
Your skin changes colour to match your surroundings (Stealth).
Your rubbery body absorbs attacks (AC +1).


Message History

* * * LOW HITPOINT WARNING * * *
Drink which item? (? for menu, Esc to quit)
You feel very mighty all of a sudden. The orc wizard misses you.
You hear some strange, mumbled words.
Something tries to affect you, but you resist.
The orc wizard gestures at you while chanting.
The magic dart hits you!
* * * LOW HITPOINT WARNING * * *
The crimson imp blinks!
Casting: Beastly Appendage
Confirm with . or Enter, or press ? or * to list all spells.
You miscast Ice Form.
You feel a strange surge of energy! The orc wizard hits you with a dagger.
* * * LOW HITPOINT WARNING * * *
Something hits you but does no damage.
Drink which item? (? for menu, Esc to quit)
It was a potion of haste.
You feel yourself speed up. The orc wizard hits you with a dagger.
You die...

.....# ##.#.# ...#
#.#.# #..# #.#.# #..#
# #.#.######. #$.#.#
##.#........ #..#.##
............. .ยง.>?#
#..##########5##o#.##
)..............{@...#
#..##########.##)####
...## #....# ........
#.##.#
#.#################.#
....................#
#.###################
#.# #.#


You could see an orc wizard and a crimson imp.

Vanquished Creatures
  A giant frog (D:4)
  A scorpion (D:4)
  A jelly (D:5)
  An orc priest (D:5)
  Crazy Yiuf (D:4)
  An iguana (D:4)
  Natasha (D:3)
  An orc wizard (D:5)
  A worker ant (D:4)
  2 oozes
  4 worms
  3 dart slugs (D:1)
  3 giant geckos (D:1)
  8 orcs
  3 giant cockroaches
  5 goblins
  9 hobgoblins
  9 jackals
  3 quokkas
  3 ball pythons
  7 bats
  3 giant newts
  6 kobolds
  7 rats
84 creatures vanquished.

Vanquished Creatures (collateral kills)
  An iguana (D:4)
  Natasha (twice) (D:3)
  Terence (D:3)
  A worker ant (D:4)
  6 orcs
  A goblin (D:4)
  2 hobgoblins (D:4)
  A jackal (D:3)
  A giant newt (D:4)
16 creatures vanquished.

Grand Total: 100 creatures vanquished

Notes
Turn   | Place    | Note
--------------------------------------------------------------
     0 | D:1      | Ijustatesigmund the Octopode Transmuter began the quest for the Orb.
     0 | D:1      | Reached XP level 1. HP: 13/13 MP: 3/3
    66 | D:1      | Reached XP level 2. HP: 8/18 MP: 5/5
   333 | D:1      | Learned a level 2 spell: Sticks to Snakes
   736 | D:1      | Reached XP level 3. HP: 21/25 MP: 6/6
   783 | D:1      | Learned a level 3 spell: Spider Form
  1596 | D:2      | Found a basalt altar of Yredelemnul.
  2003 | D:2      | Reached XP level 4. HP: 28/31 MP: 7/7
  2139 | D:3      | Noticed Natasha
  2150 | D:3      | Killed Natasha
  2150 | D:3      | Reached skill level 4 in Unarmed Combat
  2150 | D:3      | Reached skill level 1 in Poison Magic
  2311 | D:3      | Noticed Terence
  2357 | D:3      | Killed Terence
  2601 | D:3      | Noticed Natasha
  2618 | D:3      | Killed Natasha
  2618 | D:3      | Reached XP level 5. HP: 36/36 MP: 5/8
  3226 | D:3      | Noticed Natasha
  3231 | D:3      | Killed Natasha
  3231 | D:3      | Reached skill level 1 in Stealth
  3491 | D:4      | Reached XP level 6. HP: 26/42 MP: 10/10
  3497 | D:4      | Learned a level 4 spell: Ice Form
  3784 | D:4      | Noticed Crazy Yiuf
  3842 | D:4      | Killed Crazy Yiuf
  4016 | D:4      | Reached skill level 1 in Ice Magic
  4040 | D:4      | Noticed Robin
  4320 | D:4      | Found a sparkling altar of Nemelex Xobeh.
  4320 | D:4      | Found a blossoming altar of Fedhas.
  4334 | D:4      | Noticed Sigmund
  4339 | D:5      | Entered Level 5 of the Dungeon
  4343 | D:5      | Found a shattered altar of Ashenzari.
  4732 | D:4      | Reached XP level 7. HP: 4/46 MP: 7/11
  5215 | D:5      | HP: 2/46 [orc wizard/dagger (2)]
  5216 | D:5      | Slain by an orc wizard

Vault maps used:
D:1:      saegor_arrival_simple_c
D:2:      overflow_temple_1_default
D:3:      minivault_14, uniq_natasha, uniq_terence
D:4:      gammafunk_temple_overflow_elements,
          minmay_temple_entry_statues_fountains, first_bread, uniq_robin,
          uniq_sigmund, uniq_crazy_yiuf_cottage
D:5:      ashenzari_conservatory_becter, fedhas_altar_fruit_tree

Skill      XL: |  1  2  3  4  5  6 |
---------------+-------------------+-----
Fighting       | 2 3 |  3.0
Unarmed Combat | 4 |  4.3
Poison Magic   | 2 3 |  3.0
Stealth        | 1 |  1.1
Spellcasting   | 3 |  3.3
Ice Magic      | 2 |  2.8
Transmutations | 3 |  3.3
Dodging        | |  2.0

Action                   |  1- 3 |  4- 6 |  7- 9 || total
-------------------------+-------+-------+-------++-------
Melee: Unarmed           |    89 |   102 |    25 ||   216
Throw: Tomahawk          |     1 |     3 |       ||     4
 Cast: Sticks to Snakes  |     9 |    43 |     1 ||    53
       Beastly Appendage |     1 |     9 |       ||    10
       Ice Form          |       |     2 |     1 ||     3
  Use: Scroll            |     6 |     5 |     2 ||    13
       Potion            |       |     2 |     2 ||     4
 Stab: Sleeping          |     6 |     6 |       ||    12
  Eat: Chunk             |     1 |     5 |     1 ||     7
       Bread ration      |     1 |     1 |       ||     2
       Beef jerky        |       |     1 |       ||     1
